 Dungeon Crawl Stone Soup version 0.26-a0-43-g20b394cb32 (webtiles) character file.

Game seed: 14257572473881305112

88 Glundar the Covered (level 4, -4/40 HPs)
             Began as a Hill Orc Fighter on June 2, 2020.
             Slain by a gnoll
             ... wielding a +0 halberd
              (10 damage)
             ... on level 2 of the Dungeon.
             The game lasted 00:03:14 (1801 turns).

Glundar the Covered (Hill Orc Fighter)              Turns: 1801, Time: 00:03:15

Health: -4/40      AC:  8    Str: 19    XL:     4   Next: 54%
Magic:  4/4        EV:  7    Int:  8    God:
Gold:   78         SH:  9    Dex: 10    Spells: 3/3 levels left

rFire    . . .     SeeInvis .   a - +0 war axe
rCold    . . .     Gourm    .   c - +0 kite shield
rNeg     . . .     Faith    .   b - +0 scale mail
rPois    .         Spirit   .   (no helmet)
rElec    .         Reflect  .   (no cloak)
rCorr    .         Harm     .   k - +0 pair of gloves
MR       .....                  (no boots)
Stlth    ..........             (no amulet)
HPRegen  0.13/turn              (no ring)
MPRegen  0.09/turn              (no ring)

@: no status effects
A: no striking features
a: no special abilities


You were on level 2 of the Dungeon.
You were not hungry.

You visited 1 branch of the dungeon, and saw 2 of its levels.

You collected 78 gold pieces.

Inventory:

Hand Weapons
 a - a +0 war axe (weapon)
Armour
 b - a +0 scale mail (worn)
 c - a +0 kite shield (worn)
 k - a +0 pair of gloves (worn)
Jewellery
 q - a +4 ring of evasion {unknown}
Wands
 o - a wand of disintegration (14)
Scrolls
 e - 3 scrolls of teleportation {unknown}
 h - a scroll of identify {unknown}
 i - 3 scrolls of remove curse {unknown}
 l - a scroll of fear {unknown}
Potions
 d - a potion of might
 j - a potion of haste {unknown}
 m - a potion of invisibility {unknown}
 n - a potion of lignification {unknown}
 p - a potion of curing {unknown}
 r - a potion of stabbing {unknown}
Comestibles
 f - 2 rations
 g - a chunk of flesh


   Skills:
 + Level 4.0 Fighting
 + Level 4.0 Axes
 + Level 4.1 Armour
 + Level 0.2 Dodging
 + Level 0.1 Stealth
 + Level 4.0 Shields


You had 3 spell levels left.
You didn't know any spells.
Your spell library contained the following spells:

 Spells                   Type           Power        Failure   Level  Hunger
 Animate Skeleton         Necr           N/A          99%         1    ##.....
 Apportation              Tloc           #.....       99%         1    ##.....
 Corona                   Hex            #......      99%         1    ##.....
 Summon Small Mammal      Summ           #...         99%         1    ##.....


Dungeon Overview and Level Annotations

Branches:
Dungeon (2/15)

Altars:
Cheibriados
Dithmenos
Hepliaklqana
Vehumet


Message History

Unknown command.
You are too injured to fight recklessly!
You closely miss the gnoll.
The gnoll is almost dead.
You slash the gnoll!
You kill the gnoll!
Your Axes skill increases to level 4!
You block the gnoll's attack. x2; The gnoll hits you but does no damage.
You closely miss the gnoll.
The gnoll is almost dead.
You block the gnoll's attack. You block the gnoll's attack. x2
You barely miss the gnoll. You hit the gnoll but do no damage.
The gnoll hits you with a +0 halberd!
* * * LOW HITPOINT WARNING * * *
You block the gnoll's attack.
You closely miss the gnoll.
Your shield and scale mail prevent you from hitting the gnoll.
The gnoll hits you with a +0 halberd!
You die...

#..... #..... #.....
#..... ##### #.....
#...# #..... #.#.#
#..... #g#.# #.....
###@#.# #.....
#.g.#.#########.....
#).>................
#...................
#...............####
#...###########)###
##### ##....# #####
#...#.# #...#
#..##.#


You could see 2 gnolls.

Vanquished Creatures
  A gnoll (D:2)
  3 adders (D:2)
  A worm (D:2)
  3 dart slugs (D:1)
  7 bats
  2 giant cockroaches (D:1)
  5 goblins
  6 hobgoblins
  3 jackals (D:2)
  5 kobolds
  A quokka (D:2)
  3 frilled lizards
  5 rats
45 creatures vanquished.

Notes
Turn   | Place    | Note
-------+----------+-------------------------------------------
     0 | D:1      | Glundar the Hill Orc Fighter began the quest for the Orb.
     0 | D:1      | Reached XP level 1. HP: 19/19 MP: 1/1
   140 | D:1      | Reached XP level 2. HP: 27/27 MP: 2/2
   547 | D:1      | Reached XP level 3. HP: 33/33 MP: 3/3
  1379 | D:2      | Found a shadowy altar of Dithmenos.
  1399 | D:2      | Reached XP level 4. HP: 40/40 MP: 4/4
  1513 | D:2      | Found a radiant altar of Vehumet.
  1513 | D:2      | Found a snail-covered altar of Cheibriados.
  1514 | D:2      | Found a hazy altar of Hepliaklqana.
  1801 | D:2      | Slain by a gnoll

Illustrated notes

Levels and vault maps discovered:
D:1:      wander_arrival_desolate, layout_loops_corners, minivault_11
D:2:      layout_basic, gammafunk_temple_overflow_claw,
          grunt_dithmenos_smoke_and_mirrors, first_ration

Skill      XL: |  1  2  3  4 |
---------------+-------------+-----
Armour         | 4 |  4.1
Fighting       | 4 |  4.0
Axes           | 3 4 |  4.0
Shields        | 4 |  4.0
Dodging        | |  0.2
Stealth        | |  0.1

Action                   |  1- 3 |  4- 6 || total
-------------------------+-------+-------++-------
Melee: War axe           |   108 |    52 ||   160
  Eat: Chunk             |     2 |     1 ||     3
Armor: Scale mail        |    55 |    22 ||    77
Dodge: Dodged            |    25 |    17 ||    42
Block: Kite shield       |    60 |    32 ||    92

Table legend:
 A = Non-vault XP
 B = Vault XP
 C = Vault XP percentage of total XP
 D = Non-vault monster count
 E = Vault monster count
 F = Vault count percentage of total count
                 A         B        C        D         E       F
            +---------+---------+-------+---------+---------+-------
      Total |     127 |       0 |   0.0 |      45 |       0 |   0.0
            +---------+---------+-------+---------+---------+-------
        D:1 |      35 |       0 |   0.0 |      18 |       0 |   0.0
        D:2 |      92 |       0 |   0.0 |      27 |       0 |   0.0
            +---------+---------+-------+---------+---------+-------
